 Dungeon Crawl Stone Soup version 0.29-a0-830-gcb1280458a (webtiles) character file.

Game seed: 1330477631283502014

21 IdlyInterested the Trooper (level 2, -3/24 HPs)
             Began as a Demonspawn Fighter on July 11, 2022.
             Slain by a gnoll
             ... wielding a +0 club
              (4 damage)
             ... on level 2 of the Dungeon.
             The game lasted 00:02:02 (1295 turns).

IdlyInterested the Trooper (Demonspawn Fighter)     Turns: 1295, Time: 00:02:02

Health: -3/24      AC:  6    Str: 16    XL:     2   Next: 65%
Magic:  2/2        EV: 12    Int:  9    God:
Gold:   49         SH:  4    Dex: 12    Spells: 1/1 levels left

rFire   . . .      SeeInvis .   a - +0 war axe
rCold   . . .      Faith    .   c - +0 buckler
rNeg    . . .      Spirit   .   b - +0 scale mail
rPois   .          Reflect  .   (no helmet)
rElec   .          Harm     .   (no cloak)
rCorr   .          Rampage  .   (no gloves)
Will    .....                   (no boots)
Stlth   ..........              (no amulet)
HPRegen 0.08/turn               m - +4 ring of evasion
MPRegen 0.16/turn               (no ring)

@: no status effects
A: magic regeneration
a: no special abilities


You were on level 2 of the Dungeon.
You visited 1 branch of the dungeon, and saw 2 of its levels.

You collected 49 gold pieces.

Inventory:

Hand Weapons
 a - a +0 war axe (weapon)
Missiles
 l - 4 boomerangs of dispersal (quivered)
Armour
 b - a +0 scale mail (worn)
 c - a +0 buckler (worn)
Jewellery
 m - a +4 ring of evasion (left hand)
Potions
 d - a potion of might
 e - 3 potions of lignification {unknown}
 f - a potion of cancellation
 h - 3 potions of mutation {unknown}
 i - a potion of curing
 j - 3 potions of resistance


   Skills:
 - Level 3.0 Fighting
 * Level 2.6 Axes
 - Level 3.0 Armour
 + Level 0.1 Dodging
 - Level 2.6 Shields


You had one spell level left.
You didn't know any spells.
Your spell library contained the following spells:

 Spells                   Type           Power      Damage    Failure   Level
 Apportation              Tloc           0%         N/A       88%         1
 Necrotise                Necr           0%         1d4       88%         1
 Summon Small Mammal      Summ           0%         N/A       88%         1


Dungeon Overview and Level Annotations

Branches:
Dungeon (2/15)

Altars:


Innate Abilities, Weirdness & Mutations

You regenerate magic rapidly.


Message History

It is a scroll of identify.
j - a potion of resistance
As you read the scroll of identify, it crumbles to dust.
i - a potion of curing
As you read the scroll of identify, it crumbles to dust.
f - a potion of cancellation
There is an open door here.
There is a large open door here.
There is a stone staircase leading down here.
You climb downwards.
Found 2 potions of resistance and a scroll labelled INYROPATUL.
There is a stone staircase leading up here.
A bat comes into view.
The bat barely misses you. You block the bat's attack.
You slash the bat!
You kill the bat!
j - 3 potions of resistance (gained 2) 2 gnolls come into view.
The gnoll shouts!
You hear a shout!
You hear an angry hiss.
A gnoll comes into view. It is wielding a +0 flail.
A frilled lizard comes into view.
You block the gnoll's attack.
You barely miss the gnoll. The gnoll hits you with a +0 whip.
You closely miss the gnoll. x2; The gnoll hits you but does no damage.
The gnoll hits you with a +0 club. x2; The gnoll misses you.
You hit the gnoll.
The gnoll is lightly wounded.
You hit the gnoll. You block the gnoll's attack.
The gnoll hits you with a +0 club.
You hit the gnoll.
The gnoll is moderately wounded.
You barely miss the gnoll. You hit the gnoll but do no damage.
The gnoll hits you with a +0 whip.
* * * LOW HITPOINT WARNING * * *
The gnoll hits you with a +0 club.
* * * LOW HITPOINT WARNING * * *
You block the gnoll's attack. The gnoll misses you.
The gnoll hits you with a +0 club.
You die...

.### .... . # ... #.#.
####.## ..... .....###
....?## #....# #
.......###.<.####.###
......?.............#
#.....@####..†.....#
#...lggg..............
#......##.............
#..=...####...........
#......# .........###
#....... ..........#
#.........###...####
.......#


You could see 3 gnolls and a frilled lizard.

Vanquished Creatures
  A dart slug (D:1)
  2 ball pythons (D:1)
  2 endoplasms (D:1)
  A giant cockroach (D:1)
  2 goblins (D:1)
  3 hobgoblins (D:1)
  A quokka (D:1)
  2 bats
  A frilled lizard (D:1)
  A kobold (D:1)
  A rat (D:1)
17 creatures vanquished.

Notes
Turn   | Place    | Note
-------+----------+-------------------------------------------
     0 | D:1      | IdlyInterested the Demonspawn Fighter began the quest for
                  | the Orb.
     0 | D:1      | Reached XP level 1. HP: 18/18 MP: 1/1
   441 | D:1      | Gained mutation: You regenerate magic rapidly. [demonic
                  | ancestry]
   441 | D:1      | Reached XP level 2. HP: 21/24 MP: 2/2
  1295 | D:2      | HP: 1/24 [gnoll/+0 club (4)]
  1295 | D:2      | Slain by a gnoll

Illustrated notes

Levels and vault maps discovered:
D:1:      evilmike_arrival_rings, layout_basic
D:2:      layout_rooms

Skill      XL: |  1  2 |
---------------+-------+-----
Axes           | 2 |  2.6
Armour         | 3 |  3.0
Fighting       | |  3.0
Dodging        | |  0.1
Shields        | |  2.6

Action                   || total
-------------------------++-------
Melee: War axe           ||    51
  Use: Scroll            ||     4
Armor: Scale mail        ||    23
Dodge: Dodged            ||    23
Block: Buckler           ||    16

Table legend: (Time is in decaauts)
 A = Elapsed time spent in this place.
 B = Non-inter-level travel time spent in this place.
 C = Inter-level travel time spent in this place.
 D = Time resting spent in this place.
 E = Time spent auto-exploring this place.
 F = Levels seen in this place.
 G = Mean time per level.
                   A        B        C        D        E       F      G
               +--------+--------+--------+--------+--------+-----+--------+
         Total |   1316 |   1249 |     67 |      0 |   1065 |   2 |  658.0 |
       Dungeon |   1316 |   1249 |     67 |      0 |   1065 |   2 |  658.0 |
               +--------+--------+--------+--------+--------+-----+--------+

Top non-repeatable levels by time:
     D:1: 1296 daAuts
     D:2: 19 daAuts
